 Dungeon Crawl Stone Soup version 0.20.1-1-g8b1a95d (webtiles) character file.

772 tmwrnj the Chopper (level 7, -7/61 HPs)
             Began as a Hill Orc Fighter on July 23, 2017.
             Mangled by an ogre
             ... wielding a +0 giant spiked club
              (21 damage)
             ... on level 5 of the Dungeon.
             The game lasted 00:09:01 (3393 turns).

tmwrnj the Chopper (Hill Orc Fighter)               Turns: 3393, Time: 00:09:02

Health: -7/61      AC:  8    Str: 20    XL:     7   Next: 83%
Magic:  7/7        EV:  8    Int:  8    God:
Gold:   227        SH: 10    Dex: 11    Spells: 6/6 levels left

rFire    . . .     SeeInvis .   a - +0 war axe
rCold    . . .     Gourm    .   c - +0 shield
rNeg     . . .     Faith    .   b - +0 scale mail
rPois    .         Spirit   .   (no helmet)
rElec    .         Reflect  .   s - +0 cloak
rCorr    .         Harm     .   (no gloves)
MR       .....                  (no boots)
Stlth    ..........             (no amulet)
Regen    0.2/turn               (no ring)
MPRegen  0.1/turn               (no ring)

@: no status effects
A: no striking features
a: no special abilities


You were on level 5 of the Dungeon.
You were not hungry.

You visited 1 branch of the dungeon, and saw 5 of its levels.

You collected 227 gold pieces.

Inventory:

Hand Weapons
 a - a +0 war axe (weapon)
Armour
 b - a +0 scale mail (worn)
 c - a +0 shield (worn)
 s - a +0 cloak (worn)
Jewellery
 g - a +4 amulet of reflection {unknown}
 p - an uncursed ring of positive energy {unknown}
 u - an uncursed ring of protection from cold {unknown}
Wands
 n - a wand of confusion (20/48)
Scrolls
 e - 3 scrolls of amnesia
 h - 3 scrolls of teleportation
 i - 2 scrolls of recharging {unknown}
 j - a scroll of enchant weapon {unknown}
 l - 3 scrolls of identify
 m - a scroll of fear {unknown}
 o - a scroll of immolation {unknown}
 x - a scroll of remove curse {unknown}
 y - a scroll of fog {unknown}
Potions
 d - 2 potions of might
 k - a potion of flight {unknown}
 q - a potion of heal wounds {unknown}
 r - a potion of invisibility {unknown}
 t - 2 potions of mutation {unknown}
Books
 w - a book of Flames

   Spells                             Type                      Level
   a - Flame Tongue                   Conjuration/Fire             1
   b - Throw Flame                    Conjuration/Fire             2
   c - Conjure Flame                  Conjuration/Fire             3
   d - Inner Flame                    Hexes/Fire                   3
   e - Sticky Flame                   Conjuration/Fire             4
   f - Fireball                       Conjuration/Fire             5
Comestibles
 f - 3 bread rations
 v - a royal jelly
 z - a chunk of flesh


   Skills:
 + Level 5.2 Fighting
 + Level 7.4 Axes
 + Level 4.8 Armour
 + Level 1.1 Dodging
 + Level 0.3 Stealth
 + Level 5.6 Shields


You had 6 spell levels left.
You didn't know any spells.

Dungeon Overview and Level Annotations

Branches:
Dungeon (5/15)
 Temple: D:4-7

Altars:
Cheibriados


Message History

You see here a fruit.
The ogre hits you with a giant spiked club!!
You hit the ogre.
The ogre is lightly wounded.
You block the ogre's attack.
You hit the ogre.
The ogre is moderately wounded.
The ogre hits you with a giant spiked club!
* * * LOW HITPOINT WARNING * * *
You hit the ogre.
The ogre is moderately wounded.
You block the ogre's attack.
You closely miss the ogre.
The ogre is moderately wounded.
The ogre hits you with a giant spiked club!
* * * LOW HITPOINT WARNING * * *
You see here a fruit.
Found an ivory ring.
The ogre hits you with a giant spiked club!!
You die...

#####.....### . ## ###...).#...##
.. .# ##............# ..
.######.....))...#..# ...
..............)..#..###### ...
...####.(..>.............#####...
......#.(.................##.....
............................†.#
.............)..@..........#.###
...............O(..............#
........<......................#
.......).......................##
.......#.#.................[.....
......##...##................###.
####..####..##......#####....#(#.
.# ##.# ##.#####..######....###.
># ...........)..........


You could see an ogre.

Vanquished Creatures
  An ogre (D:5)
  A sky beast (D:5)
  A big kobold (D:4)
  A crimson imp (D:4)
  A quasit (D:3)
  A hound (D:4)
  4 orc wizards
  A bullfrog skeleton (D:4)
  2 worker ants (D:4)
  A hound zombie (D:5)
  A hound skeleton (D:5)
  7 gnolls
  4 adders
  An ooze (D:4)
  2 worms (D:2)
  4 leopard geckos
  18 orcs
  4 giant cockroaches
  9 goblins
  5 hobgoblins
  11 jackals
  11 kobolds
  4 bats
  6 frilled lizards
  A jackal skeleton (D:5)
  A quokka zombie (D:5)
  5 rats
108 creatures vanquished.

Notes
Turn   | Place    | Note
-------+----------+-------------------------------------------
     0 | D:1      | tmwrnj the Hill Orc Fighter began the quest for the Orb.
     0 | D:1      | Reached XP level 1. HP: 19/19 MP: 1/1
    83 | D:1      | Reached XP level 2. HP: 18/27 MP: 2/2
   114 | D:1      | Reached skill level 3 in Axes
   522 | D:2      | Reached XP level 3. HP: 33/33 MP: 3/3
  1275 | D:3      | Reached XP level 4. HP: 36/40 MP: 4/4
  1309 | D:3      | Reached skill level 4 in Axes
  1888 | D:3      | Reached XP level 5. HP: 46/46 MP: 5/5
  1933 | D:3      | Found a faded altar of an unknown god.
  2054 | D:3      | Found a snail-covered altar of Cheibriados.
  2336 | D:4      | Reached skill level 5 in Axes
  2445 | D:4      | Reached XP level 6. HP: 49/53 MP: 6/6
  2691 | D:5      | Entered Level 5 of the Dungeon
  2722 | D:4      | Reached skill level 1 in Dodging
  2744 | D:4      | Reached skill level 6 in Axes
  2744 | D:4      | Reached skill level 5 in Shields
  2854 | D:4      | Reached XP level 7. HP: 60/60 MP: 7/7
  2904 | D:5      | Reached skill level 7 in Axes
  2918 | D:5      | Reached skill level 5 in Fighting
  3393 | D:5      | Mangled by an ogre

Skill      XL: |  1  2  3  4  5  6  7 |
---------------+----------------------+-----
Axes           | 3 4 5 6 7 |  7.4
Fighting       | 4 5 |  5.2
Armour         | 4 |  4.8
Shields        | 4 5 |  5.6
Dodging        | 1 |  1.1
Stealth        | |  0.3

Action                   |  1- 3 |  4- 6 |  7- 9 || total
-------------------------+-------+-------+-------++-------
Melee: War axe           |    80 |   226 |    74 ||   380
  Use: Scroll            |       |     2 |       ||     2
  Eat: Chunk             |     1 |     6 |     2 ||     9
Armor: Scale mail        |    39 |   101 |    32 ||   172
Dodge: Dodged            |    22 |    70 |    18 ||   110
Block: Shield            |    45 |   128 |    32 ||   205
